 Dungeon Crawl Stone Soup version 0.23.2-40-g277498a001 (webtiles) character file.

Game seed: 558427263789984693

44 Chiseanne the Grasshopper (level 3, -1/25 HPs)
             Began as an Octopode Warper on Oct 11, 2019.
             Slain by a kobold
             ... wielding a +0 dagger
              (3 damage)
             ... on level 2 of the Dungeon.
             The game lasted 00:01:55 (971 turns).

Chiseanne the Grasshopper (Octopode Warper)          Turns: 971, Time: 00:01:56

Health: -1/25      AC:  1    Str: 10    XL:     3   Next: 60%
Magic:  6/6        EV: 13    Int: 15    God:
Gold:   35         SH:  3    Dex: 12    Spells: 6/6 levels left

rFire    . . .     SeeInvis .   a - +0 falchion
rCold    . . .     Gourm    .   j - +0 buckler
rNeg     . . .     Faith    .   (helmet restricted)
rPois    .         Spirit   .   (no amulet)
rElec    .         Reflect  .   (no ring)
rCorr    .         Harm     .   (no ring)
MR       .....                  (no ring)
Stlth    +++.......             (no ring)
HPRegen  0.08/turn              (no ring)
MPRegen  0.10/turn              (no ring)
                                (no ring)
                                (no ring)

@: no status effects
A: almost no armour, stealthy swim, amphibious, 8 rings, constrict 8, camouflage
1, gelatinous body 1
a: no special abilities


You were on level 2 of the Dungeon.
You were not hungry.

You visited 1 branch of the dungeon, and saw 2 of its levels.

You collected 35 gold pieces.

Inventory:

Hand Weapons
 a - a +0 falchion (weapon)
Missiles
 b - 19 stones
 d - 5 tomahawks of dispersal (quivered)
 i - 37 arrows
 k - 4 javelins
 l - 23 bolts
 m - 4 curare-tipped needles
Armour
 j - a +0 buckler (worn)
Scrolls
 c - 2 scrolls of blinking
 g - 2 scrolls of identify
Potions
 e - 2 potions of curing {unknown}
 h - 2 potions of brilliance {unknown}
 n - a potion of resistance {unknown}
Comestibles
 f - 4 rations


   Skills:
 * Level 2.5 Fighting
 - Level 2.0 Long Blades
 - Level 1.0 Throwing
 * Level 2.8 Dodging
 * Level 2.0 Stealth
 * Level 0.8 Shields
 * Level 2.3 Spellcasting
   Level 3.0 Translocations


You had 6 spell levels left.
You didn't know any spells.
Your spell library contained the following spells:

 Spells                   Type           Power        Failure   Level  Hunger
 Blink                    Tloc           N/A          14%         2    ###....
 Shroud of Golubria       Chrm/Tloc      #.........   26%         2    ###....
 Gell's Gravitas          Tloc           ##........   28%         3    ###....
 Lesser Beckoning         Tloc           ##........   28%         3    ###....
 Teleport Other           Tloc           ##......     28%         3    ###....
 Passage of Golubria      Tloc           N/A          67%         4    #####..


Dungeon Overview and Level Annotations

Branches:
Dungeon (2/15)

Altars:
Qazlal
Ru


Innate Abilities, Weirdness & Mutations

You cannot wear most types of armour.
You are very stealthy in the water. (Stealth+)
You are amphibious.
You can wear up to eight rings at the same time.
You can use your tentacles to constrict eight enemies at once.
Your skin changes colour to match your surroundings (Stealth+).
Your rubbery body absorbs attacks. (AC +1, EV +1)


Message History

You are too injured to fight recklessly!
You are too injured to fight recklessly!
You are too injured to fight recklessly!
You are too injured to fight recklessly!
You are too injured to fight recklessly!
You are too injured to fight recklessly!
You are too injured to fight recklessly!
You hit the worm.
You kill the worm!
Your Stealth skill increases to level 2!
The kobold throws a stone.
The stone hits you.
* * * LOW HITPOINT WARNING * * *
You see here a worm corpse.
The kobold is too close now for your liking.
You hit the kobold but do no damage. Your grab misses the kobold.
The kobold hits you with a +0 dagger.
* * * LOW HITPOINT WARNING * * *
You closely miss the kobold. Your grab misses the kobold.
The kobold hits you with a +0 dagger.
You die...

#.....######
#..........#
#......$...#
#..........#
######....(#
#.....#
#..<..#
#.K...#
.......#@###
.......#.#
....K....#
.......###
..%....
...#### #..


You could see a kobold.

Vanquished Creatures
  An adder (D:2)
  A worm (D:2)
  A dart slug (D:1)
  A leopard gecko (D:1)
  A giant cockroach (D:1)
  6 goblins
  3 hobgoblins
  4 bats
  4 frilled lizards
  3 kobolds
  4 rats
29 creatures vanquished.

Notes
Turn   | Place    | Note
-------+----------+-------------------------------------------
     0 | D:1      | Chiseanne the Octopode Warper began the quest for the Orb.
     0 | D:1      | Reached XP level 1. HP: 14/14 MP: 3/3
   202 | D:1      | Reached skill level 1 in Stealth
   202 | D:1      | Reached XP level 2. HP: 19/19 MP: 5/5
   542 | D:1      | Reached XP level 3. HP: 24/25 MP: 6/6
   677 | D:2      | Found a stormy altar of Qazlal.
   679 | D:2      | Noticed a fire elemental
   680 | D:2      | Noticed a water elemental
   680 | D:2      | Noticed an earth elemental
   680 | D:2      | Noticed an air elemental
   737 | D:2      | Found a sacrificial altar of Ru.
   971 | D:2      | Slain by a kobold

Skill      XL: |  1  2  3 |
---------------+----------+-----
Stealth        | 1 2 |  2.0
Fighting       | |  2.5
Long Blades    | |  2.0
Throwing       | |  1.0
Dodging        | |  2.8
Shields        | |  0.8
Spellcasting   | |  2.3
Translocations | |  3.0

Action                   || total
-------------------------++-------
Melee: Falchion          ||    56
       Constrict         ||    14
       Tentacles         ||     6
  Use: Scroll            ||     1
 Stab: Sleeping          ||     9
       Distracted        ||     1
Armor: Skin              ||     5
Dodge: Dodged            ||    30
Block: Buckler           ||     6
       Rpst.: Falchion   ||     9
